 Dungeon Crawl Stone Soup version 0.27-a0-1319-geec4fb4e21 (webtiles) character file.

Game seed: 15777909359929146081

159 speeev123 the Skirmisher (level 5, -1/48 HPs)
             Began as a Hill Orc Fighter on June 21, 2021.
             Slain by Grinder (3 damage)
             ... while paralysed by Grinder
             ... on level 3 of the Dungeon.
             The game lasted 00:07:17 (2770 turns).

speeev123 the Skirmisher (Hill Orc Fighter)         Turns: 2770, Time: 00:07:18

Health: -1/48      AC:  6    Str: 20    XL:     5   Next: 40%
Magic:  5/5        EV:  2    Int:  8    God:
Gold:   85         SH:  0    Dex: 10    Spells: 4/4 levels left

rFire    . . .     SeeInvis .   a - +0 war axe
rCold    . . .     Faith    .   c - +0 kite shield
rNeg     . . .     Spirit   .   b - +0 scale mail
rPois    .         Reflect  .   (no helmet)
rElec    .         Harm     .   (no cloak)
rCorr    .         Rampage  .   (no gloves)
Will     .....                  (no boots)
Stlth    ..........             p - amulet of the acrobat
HPRegen  0.16/turn              (no ring)
MPRegen  0.09/turn              (no ring)

@: paralysed
A: no striking features
a: no special abilities


You were on level 3 of the Dungeon.
You visited 1 branch of the dungeon, and saw 3 of its levels.

You collected 85 gold pieces.

Inventory:

Hand Weapons
 a - a +0 war axe (weapon)
Missiles
 f - 49 stones (quivered)
Armour
 b - a +0 scale mail (worn)
 c - a +0 kite shield (worn)
 e - a +0 tower shield
Jewellery
 p - an amulet of the acrobat (around neck)
Wands
 l - a wand of iceblast (5)
Scrolls
 i - 2 scrolls of identify {unknown}
 k - a scroll of teleportation {unknown}
 m - a scroll of noise {unknown}
 n - a scroll of summoning {unknown}
 q - a scroll of enchant armour {unknown}
Potions
 d - a potion of might
 g - a potion of attraction {unknown}
 h - 2 potions of mutation {unknown}
 j - a potion of heal wounds {unknown}
 o - a potion of flight {unknown}


   Skills:
 + Level 5.1 Fighting
 + Level 4.8 Axes
 - Level 3.2 Armour
 + Level 4.4 Shields


You had 4 spell levels left.
You didn't know any spells.
Your spell library was empty.

Dungeon Overview and Level Annotations

Branches:
Dungeon (3/15)

Altars:
Ashenzari
Qazlal
Wu Jian

Annotations:
D:3 Grinder


Message History

The mass of ice explodes!
The iceblast engulfs Grinder!
Grinder partially resists.
Grinder is heavily wounded.
The orc hits you with a +0 whip. You block Grinder's attack.
Cleave: a) +0 war axe
Press: ? - help, Dir - move target
Okay, then.
Unknown command.
Cleave: a) +0 war axe
Press: ? - help, Dir - move target, f - orc
Aim: an orc, wielding a +0 whip (moderately wounded, about 43% to evade your +0 war axe)
You hit the orc.
You kill the orc!
You completely miss the frilled lizard. You hit Grinder.
The frilled lizard unfolds its giant frill.
The frilled lizard bites you but does no damage.
Grinder barely misses you. You block the frilled lizard's attack.
Cleave: a) +0 war axe
Press: ? - help, Dir - move target, f - Grinder
Aim: Grinder (severely wounded, about 47% to evade your +0 war axe)
You hit Grinder.
Grinder is severely wounded.
You closely miss the frilled lizard. Grinder hits you!
You writhe in agony.
The frilled lizard barely misses you. Grinder gestures at you.
You suddenly lose the ability to move!
The frilled lizard bites you but does no damage.
Grinder hits you. The frilled lizard bites you. Grinder barely misses you.
The frilled lizard bites you but does no damage.
Grinder hits you.
* * * LOW HITPOINT WARNING * * *
You writhe in agony.
* * * LOW HITPOINT WARNING * * *
The frilled lizard bites you.
* * * LOW HITPOINT WARNING * * *
Grinder hits you!
* * * LOW HITPOINT WARNING * * *
You writhe in agony.
You die...

##..........#.##.##. #
##....#...##.##.##.
#........##.#....#..#.
###.#########.#.##.#....
........................
#............#.###.#....
........................
#....5......#.###.#....
#....)@.....#.#[#.#....
#....l......#.###.#....
#..$...................
#...........#.###.#.###
###########...........#
#............
.......#.##.#
#.##.#...##†# .
#.#...##.#


You could see Grinder and a frilled lizard.

Vanquished Creatures
  An orc priest (D:3)
  5 adders
  A worm (D:3)
  2 dart slugs
  6 orcs (D:3)
  7 bats
  6 endoplasms
  3 giant cockroaches
  8 goblins (D:2)
  2 hobgoblins (D:1)
  3 jackals (D:2)
  8 kobolds
  A quokka (D:1)
  6 ball pythons
  5 frilled lizards
  2 rats
66 creatures vanquished.

Notes
Turn   | Place    | Note
-------+----------+-------------------------------------------
     0 | D:1      | speeev123 the Hill Orc Fighter began the quest for the Orb.
     0 | D:1      | Reached XP level 1. HP: 19/19 MP: 1/1
   148 | D:1      | Reached XP level 2. HP: 25/27 MP: 2/2
   151 | D:1      | Reached skill level 4 in Fighting
   592 | D:1      | Reached XP level 3. HP: 29/33 MP: 3/3
  2011 | D:2      | Reached XP level 4. HP: 38/41 MP: 4/4
  2401 | D:3      | Reached skill level 5 in Fighting
  2401 | D:3      | Reached XP level 5. HP: 27/48 MP: 5/5
  2623 | D:3      | Found a stormy altar of Qazlal.
  2626 | D:3      | Found an ornate altar of the Wu Jian Council.
  2629 | D:3      | Found a broken altar of Ashenzari.
  2758 | D:3      | Noticed Grinder
  2766 | D:3      | Paralysed by Grinder for 7 turns
  2770 | D:3      | HP: 2/48 [Grinder (7)]
  2770 | D:3      | Slain by Grinder

Illustrated notes

Levels and vault maps discovered:
D:1:      dpeg_arrival_rooms_c, layout_basic, kennysheep_doodads
D:2:      wander_river, layout_basic
D:3:      layout_rooms, grunt_temple_overflow_diamond,
          shapermc_ecumenical_altar_gd, minmay_surrounded, uniq_grinder

Skill      XL: |  1  2  3  4 |
---------------+-------------+-----
Axes           | 3 4 |  4.8
Fighting       | 4 5 |  5.1
Shields        | 4 |  4.4
Armour         | |  3.2

Action                   |  1- 3 |  4- 6 || total
-------------------------+-------+-------++-------
Melee: War axe           |   114 |    69 ||   183
Throw: Stone             |     4 |       ||     4
Evoke: Wand              |       |     1 ||     1
Armor: Scale mail        |    64 |    29 ||    93
Dodge: Dodged            |    59 |    37 ||    96
Block: Kite shield       |    69 |    47 ||   116

Table legend: (Time is in decaauts)
 A = Elapsed time spent in this place.
 B = Non-inter-level travel time spent in this place.
 C = Inter-level travel time spent in this place.
 D = Time resting spent in this place.
 E = Time spent auto-exploring this place.
 F = Levels seen in this place.
 G = Mean time per level.
                   A        B        C        D        E       F      G
               +--------+--------+--------+--------+--------+-----+--------+
         Total |   2882 |   2851 |     31 |    602 |   1416 |   3 |  960.7 |
       Dungeon |   2882 |   2851 |     31 |    602 |   1416 |   3 |  960.7 |
               +--------+--------+--------+--------+--------+-----+--------+

Top non-repeatable levels by time:
     D:2: 1367 daAuts
     D:1: 864 daAuts
     D:3: 650 daAuts
